 Dungeon Sprint DCSS version 0.27-a0-592-g0306a34022 (webtiles) character file.

Game seed: 12843274898585101580

5504 rocky1 the Earth Mage (level 10, -5/103 HPs)
             Began as a Grey Draconian Earth Elementalist on Mar 11, 2021.
             Was a High Priest of Sif Muna.
             Slain by an alligator snapping turtle (14 damage)
             ... in the Dungeon (Sprint VII: "The Pits").
             The game lasted 00:14:10 (1672 turns).

rocky1 the Earth Mage (DrEE)                        Turns: 1672, Time: 00:14:10

Health: -5/103     AC: 22    Str: 21    XL:     10   Next: 42%
Magic:  17/23      EV:  7    Int: 19    God:    Sif Muna [*****.]
Gold:   9          SH:  0    Dex: 11    Spells: 7/28 levels left

rFire    . . .     SeeInvis .   (weapon currently unavailable)
rCold    . . .     Faith    .   (shield currently unavailable)
rNeg     . . .     Spirit   .   (armour unavailable)
rPois    +         Reflect  .   (helmet currently unavailable)
rElec    .         Harm     .   (cloak currently unavailable)
rCorr    .         Rampage  .   (gloves currently unavailable)
Will     .....     NoTele   +   (boots currently unavailable)
Stlth    ++........             (no amulet)
HPRegen  0.27/turn              (no ring)
MPRegen  0.18/turn              (no ring)

@: dragon-form, flying, slowed, very slow
A: giant, unfitting armour, unbreathing 2, AC +12
a: Stop Flying, End Transformation, Renounce Religion, Channel Magic, Forget
Spell, Divine Exegesis


You were in the Dungeon.
You worshipped Sif Muna.
Sif Muna was extremely pleased with you.
You were a fearsome dragon!
You visited 1 branch You collected 9 gold pieces.

Inventory:

Hand Weapons
 k - a +0 quarterstaff of protection
 l - a +0 lajatang
 m - a +4 great sword
 q - a +2 scimitar of holy wrath (melded)
 r - a +2 morningstar of protection
 t - a +1 scimitar of flaming
Missiles
 b - 17 stones
Armour
 s - a +0 pair of gloves (melded)
 w - a +0 cloak (melded)
Jewellery
 n - a +3 ring of evasion
 o - a +3 ring of protection
Wands
 u - a wand of iceblast (10)
Scrolls
 h - a scroll of blinking
 i - 5 scrolls of amnesia
Potions
 a - 2 potions of invisibility
 c - 8 potions of curing
 d - 15 potions of heal wounds
 e - a potion of haste
 f - 4 potions of magic
 g - 3 potions of berserk rage
 p - a potion of brilliance
 v - a potion of might {unknown}


   Skills:
 + Level 0.0 Fighting
 + Level 7.1 Dodging
 - Level 1.7 Stealth
 + Level 9.6 Spellcasting
 - Level 6.7 Conjurations
 - Level 6.7 Translocations
 - Level 6.8 Transmutations
 - Level 18.7 Earth Magic
 + Level 8.1 Invocations
 + Level 0.0 Evocations


You had 7 spell levels left.
You knew the following spells:

 Your Spells              Type           Power      Damage    Failure   Level
a - Sandblast             Erth           100%       2d20      0%          1
b - Stone Arrow           Conj/Erth      100%       3d13      1%          3
c - Lee's Rapid Deconstr  Erth           34%        3d18*     1%          5
d - Petrify               Tmut/Erth      55%        N/A       1%          4
e - Statue Form           Tmut/Erth      36%        N/A       6%          6
f - Blink                 Tloc           N/A        N/A       1%          2

Your spell library contained the following spells:

 Spells                   Type           Power      Damage    Failure   Level
 Sting                    Tmut/Pois      88%        1d7       1%          1
 Passwall                 Tmut/Erth      45%        N/A       1%          2
 Searing Ray              Conj           68%        3d5       1%          2
 Gell's Gravitas          Tloc           17%        N/A       1%          3
 Manifold Assault         Tloc           34%        N/A       4%          4
 Static Discharge         Conj/Air       21%        N/A       6%          3
 Bolt of Magma            Conj/Fire/Erth 20%        4d10      7%          5
 Mephitic Cloud           Conj/Pois/Air  17%        N/A       10%         3
 Irradiate                Conj/Tmut      17%        3d19      13%         5
 Hailstorm                Conj/Ice       21%        3d6       19%         4
 Confusing Touch          Hex            9%         N/A       24%         3
 Ozocubu's Armour         Ice            9%         N/A       24%         3
 Yara's Violent Unravell  Hex/Tmut       11%        3d6       45%         5
 Hydra Form               Tmut           17%        N/A       56%         6
 Metabolic Englaciation   Hex/Ice        4%         N/A       91%         5
 Dragon Form              Tmut           17%        N/A       98%         7
 Orb of Destruction       Conj           17%        9d8       99%         7
 Disjunction              Tloc           17%        N/A       100%        8


Dungeon Overview and Level Annotations

Branches:
Dungeon (1/1)

Altars:
Ashenzari
Cheibriados
Dithmenos
Elyvilon
Fedhas
Gozag
Hepliaklqana
Kikubaaqudgha
Makhleb
Nemelex Xobeh
Okawaru
Qazlal
Ru
Sif Muna
Trog
Uskayaw
Vehumet
Wu Jian
Xom
Yredelemnul
Zin
The Shining One
Beogh
Jiyva
Lugonu

Annotations:
D Sonja


Innate Abilities, Weirdness & Mutations

Your dull iron-grey scales are very hard. (AC +12)
You cannot fit into any form of body armour.
You can survive without breathing, even under water.
((You are cold-blooded and may be slowed by cold attacks.))


Message History

You hit the death cob.
The death cob is lightly damaged.
The death cob hits you. The death cob barely misses you.
The death cob hits you but does no damage.
The alligator snapping turtle bites you but does no damage.
The death cob hits you. The death cob drains your vigour!
You feel as though you will be slow longer.
You barely miss the death cob.
Your tail-slap misses the death cob.
Your bite misses the death cob. The death cob hits you!
The death cob hits you but does no damage.
The boulder beetle curls into a ball and begins rolling!
The death cob hits you but does no damage.
The alligator snapping turtle bites you but does no damage.
The death cob hits you but does no damage.
You completely miss the death cob. The death cob hits you.
The death cob drains your vigour!
You feel as though you will be slow longer.
The death cob hits you.
The boulder beetle stops rolling and uncurls.
The alligator snapping turtle bites you from afar!!
The death cob hits you but does no damage.
The boulder beetle curls into a ball and begins rolling!
The alligator snapping turtle bites you from afar!
You closely miss the death cob.
The death cob hits you but does no damage. x2
The death cob completely misses you.
The ynoxinul gestures.
The boulder beetle stops rolling and uncurls.
The death cob hits you but does no damage.
The alligator snapping turtle bites you from afar!!
* * * LOW HITPOINT WARNING * * *
You feel much better. The death cob hits you. The death cob barely misses you.
The boulder beetle leaps!
The death cob hits you!!
* * * LOW HITPOINT WARNING * * *
The death cob drains your vigour!
You feel as though you will be slow longer.
The guardian serpent coils itself and waves its upper body at you.
The alligator snapping turtle blinks!
The ynoxinul blinks into view!
The alligator snapping turtle bites you!
You die...

'###### '############
######
.....'..'...### .....
.....'..'.....## ....
..).##..##.....##
...#
..###....###.††.#
...#
.##........###.###..#
'#...#..#...#.†55#S.#
............B.)5Dzy5+
'#...#..#...#..3t#§.#
.##........###.###..#
÷÷###....###....#
...#
....##..##.....##
...# .....'..'.....##
.... ##...'..'...###
..... ###########
######


You could see an alligator snapping turtle, a death cob, a boulder beetle, a
guardian serpent, a hornet, a ynoxinul and 4 ufetubi.

Vanquished Creatures
  A two-headed ogre (D)
  Maurice (D)
  An orange demon (D)
  An efreet (D)
  A demonic crawler (D)
  3 blink frogs (D)
  5 dream sheep (D)
  A spriggan (D)
  A water elemental (D)
  A wraith (D)
  2 fire bats (D)
  Grum (D)
  Menkaure (D)
  A steam dragon (D)
  An acid dragon (D)
  A swamp drake (D)
  2 floating eyes (D)
  2 ogres (D)
  2 wolves (D)
  A centaur (D)
  6 wights (D)
  A jelly (D)
  An iron imp (D)
  2 worker ants (D)
  2 adders (D)
  A leopard gecko (D)
  2 bats (D)
  A giant cockroach (D)
  2 goblins (D)
  2 hobgoblins (D)
  4 jackals (D)
  A quokka (D)
  A ball python (D)
  A frilled lizard (D)
57 creatures vanquished.

Notes
Turn   | Place    | Note
-------+----------+-------------------------------------------
     0 | D        | rocky1 the Draconian Earth Elementalist began the quest for
                  | the Orb.
     0 | D        | Reached XP level 1. HP: 14/14 MP: 3/3
    46 | D        | Found a bloodstained altar of Trog.
    46 | D        | Found a shimmering blue altar of Sif Muna.
    46 | D        | Found a viscous altar of Jiyva.
    46 | D        | Found a hazy altar of Hepliaklqana.
    46 | D        | Found an opulent altar of Gozag.
    47 | D        | Found a glowing golden altar of the Shining One.
    47 | D        | Found a glowing silver altar of Zin.
    47 | D        | Found a basalt altar of Yredelemnul.
    47 | D        | Found a shimmering altar of Xom.
    47 | D        | Found an ornate altar of the Wu Jian Council.
    47 | D        | Found a sacrificial altar of Ru.
    47 | D        | Found a stormy altar of Qazlal.
    47 | D        | Found an iron altar of Okawaru.
    47 | D        | Found a sparkling altar of Nemelex Xobeh.
    47 | D        | Found a burning altar of Makhleb.
    47 | D        | Found a blossoming altar of Fedhas.
    47 | D        | Found a white marble altar of Elyvilon.
    47 | D        | Found a shadowy altar of Dithmenos.
    47 | D        | Found a snail-covered altar of Cheibriados.
    50 | D        | Found a corrupted altar of Lugonu.
    50 | D        | Found a radiant altar of Vehumet.
    51 | D        | Found an ancient bone altar of Kikubaaqudgha.
    51 | D        | Found a hide-covered altar of Uskayaw.
    51 | D        | Found a broken altar of Ashenzari.
    54 | D        | Became a worshipper of Sif Muna the Loreminder
    68 | D        | Noticed a floating eye
    72 | D        | Reached skill level 4 in Earth Magic
    73 | D        | Paralysed by a floating eye for 2 turns
    77 | D        | Paralysed by a floating eye for 2 turns
    79 | D        | Killed a floating eye
    80 | D        | Reached skill level 9 in Earth Magic
    80 | D        | Reached XP level 2. HP: 20/20 MP: 3/5
    80 | D        | Reached XP level 3. HP: 26/26 MP: 3/6
    80 | D        | Reached XP level 4. HP: 33/33 MP: 3/7
   118 | D        | Reached * piety under Sif Muna
   130 | D        | Reached ** piety under Sif Muna
   133 | D        | Reached skill level 10 in Earth Magic
   134 | D        | Noticed an ogre
   146 | D        | Killed an ogre
   147 | D        | Reached skill level 11 in Earth Magic
   147 | D        | Reached XP level 5. HP: 38/38 MP: 2/8
   198 | D        | Learned a level 5 spell: Lee's Rapid Deconstruction
   291 | D        | Reached *** piety under Sif Muna
   361 | D        | Noticed a fire bat
   362 | D        | Killed a fire bat
   362 | D        | Noticed Menkaure
   363 | D        | Reached skill level 13 in Earth Magic
   363 | D        | Reached XP level 6. HP: 45/45 MP: 3/9
   485 | D        | Killed Menkaure
   486 | D        | Your scales start taking on a dull iron-grey colour.
   486 | D        | Reached skill level 16 in Earth Magic
   486 | D        | Reached XP level 7. HP: 16/50 MP: 0/12
   486 | D        | Gained mutation: You can survive without breathing. [Grey
                  | Draconian growth]
   486 | D        | Gained mutation: You can survive without breathing, even
                  | under water. [Grey Draconian growth]
   713 | D        | Reached **** piety under Sif Muna
   813 | D        | Learned a level 3 spell: Stone Arrow
   818 | D        | Learned a level 4 spell: Petrify
   820 | D        | Noticed a fire bat
   822 | D        | Killed a fire bat
   822 | D        | Reached ***** piety under Sif Muna
   823 | D        | Reached skill level 5 in Invocations
   899 | D        | Received a gift from Sif Muna
   901 | D        | Reached skill level 5 in Spellcasting
   902 | D        | Noticed a spriggan
   902 | D        | Noticed a blink frog
   902 | D        | Noticed a blink frog
   902 | D        | Noticed a blink frog
   906 | D        | Killed a spriggan
   906 | D        | Killed a blink frog
   907 | D        | Reached skill level 5 in Dodging
   907 | D        | Reached XP level 8. HP: 57/57 MP: 4/16
   910 | D        | Killed a blink frog
   911 | D        | Reached skill level 17 in Earth Magic
   911 | D        | Killed a blink frog
  1023 | D        | Noticed an efreet
  1024 | D        | Identified Sif Muna's Almanac of Orientation (Sif Muna
                  | gifted it to you in the Dungeon)
  1024 | D        | Received a gift from Sif Muna
  1028 | D        | Killed an efreet
  1038 | D        | Learned a level 6 spell: Statue Form
  1041 | D        | Learned a level 2 spell: Blink
  1088 | D        | Noticed Sonja
  1097 | D        | Noticed Maurice
  1099 | D        | Reached skill level 1 in Conjurations
  1099 | D        | Reached skill level 1 in Translocations
  1099 | D        | Reached XP level 9. HP: 62/62 MP: 10/19
  1101 | D        | Killed Maurice
  1118 | D        | Noticed an orange demon
  1121 | D        | Killed an orange demon
  1121 | D        | Received a gift from Sif Muna
  1122 | D        | Reached skill level 18 in Earth Magic
  1123 | D        | Reached skill level 5 in Conjurations
  1123 | D        | Reached skill level 5 in Translocations
  1123 | D        | Reached skill level 5 in Transmutations
  1134 | D        | Reached XP level 10. HP: 17/69 MP: 5/22
  1459 | D        | Noticed a two-headed ogre
  1478 | D        | Killed a two-headed ogre
  1483 | D        | Identified Sif Muna's Handbook of the Frostbite (Sif Muna
                  | gifted it to you in the Dungeon)
  1483 | D        | Received a gift from Sif Muna
  1503 | D        | Paralysed by a floating eye for 2 turns
  1530 | D        | Identified Sif Muna's Incunabulum of Noxious Confrontation
                  | (Sif Muna gifted it to you in the Dungeon)
  1530 | D        | Received a gift from Sif Muna
  1533 | D        | Noticed Grum
  1542 | D        | Killed Grum
  1664 | D        | Noticed a guardian serpent
  1664 | D        | Noticed an alligator snapping turtle
  1664 | D        | Noticed a death cob
  1665 | D        | Noticed a boulder beetle
  1672 | D        | Slain by an alligator snapping turtle

Illustrated notes

Levels and vault maps discovered:
D:        pitsprint [storerooms_1, entrance_room_1, metal_vault_4, armoury_3,
          mini_pit_1, grid_room_1, main_hall_1, silver_pit, the_coven_3,
          the_vestibule_1, steel_vault_2, golden_pit, hallway_of_sentries,
          crystal_vault_4, iron_vault_4, final_vault]

Skill      XL: |  1  2  3  4  5  6  7  8  9 10 |
---------------+-------------------------------+-----
Earth Magic    | 9 11 13 16 17 18 | 18.7
Dodging        | 3 5 7 |  7.1
Invocations    | 3 6 8 |  8.1
Spellcasting   | 3 5 7 8 9 |  9.6
Conjurations   | 1 5 6 |  6.7
Translocations | 1 5 6 |  6.7
Transmutations | 5 6 |  6.8
Stealth        | |  1.7

Action                   |  1- 3 |  4- 6 |  7- 9 | 10-12 || total
-------------------------+-------+-------+-------+-------++-------
Melee: Falchion          |     5 |    14 |       |       ||    19
       Tailslap          |     1 |     1 |     2 |     1 ||     5
       Long sword        |       |       |     6 |       ||     6
       Scimitar          |       |       |     7 |    10 ||    17
       Unarmed           |       |       |       |     4 ||     4
 Cast: Sandblast         |     3 |     7 |    10 |     3 ||    23
       Lee's Rapid Decon |       |     4 |    20 |    11 ||    35
       Dragon Form       |       |       |       |     1 ||     1
Invok: Channel Magic     |       |       |     4 |     1 ||     5
       Divine Exegesis   |       |       |       |     1 ||     1
  Use: Potion            |       |       |       |     2 ||     2
       Scroll            |       |       |       |     1 ||     1
 Stab: Sleeping          |       |     1 |       |       ||     1
       Distracted        |       |       |     1 |       ||     1
Armor: Skin              |       |     4 |     8 |    20 ||    32
Dodge: Dodged            |     1 |    10 |    18 |    22 ||    51
       Rpst.: Falchion   |       |     3 |       |       ||     3
       Long sword        |       |       |     3 |       ||     3
       Scimitar          |       |       |     2 |     2 ||     4

Table legend: (Time is in decaauts)
 A = Elapsed time spent in this place.
 B = Non-inter-level travel time spent in this place.
 C = Inter-level travel time spent in this place.
 D = Time resting spent in this place.
 E = Time spent auto-exploring this place.
 F = Levels seen in this place.
 G = Mean time per level.
                   A        B        C        D        E       F      G
               +--------+--------+--------+--------+--------+-----+--------+
         Total |   1671 |   1623 |     48 |   1032 |      0 |   1 | 1671.0 |
       Dungeon |   1671 |   1623 |     48 |   1032 |      0 |   1 | 1671.0 |
               +--------+--------+--------+--------+--------+-----+--------+

Top non-repeatable levels by time:
       D: 1671 daAuts
